 Dungeon Crawl Stone Soup version 0.29.0-4-gdea44cf6ec (webtiles) character file.

Game seed: 6906508186460552315

316 qw the Chopper (level 6, -1/39 HPs)
             Began as a Gargoyle Fighter on Sept 8, 2022.
             Slain by Duvessa
             ... wielding a +2 rapier of speed
              (5 damage)
             ... on level 4 of the Dungeon.
             The game lasted 00:01:41 (3961 turns).

qw the Chopper (Gargoyle Fighter)                   Turns: 3961, Time: 00:01:41

Health: -1/39      AC: 18    Str: 18 (21) XL:     6   Next: 44%
Magic:  6/6        EV:  5    Int:  9      God:
Gold:   155        SH:  4    Dex:  9      Spells: 5/5 levels left

rFire   . . .      SeeInvis .   Y - +0 war axe
rCold   . . .      Faith    .   c - +0 buckler
rNeg    + . .      Spirit   .   g - +0 plate armour
rPois   inf        Reflect  .   f - +0 helmet
rElec   +          Harm     .   (no cloak)
rCorr   .          Rampage  .   (no gloves)
Will    .....                   m - +0 pair of boots
Stlth   ..........              (no amulet)
HPRegen 0.13/turn               (no ring)
MPRegen 0.10/turn               (no ring)

@: no status effects
A: sickness immunity, AC +4, negative energy resistance 1, electricity
resistance, torment resistance 1, petrification resistance
a: no special abilities


You were on level 4 of the Dungeon.
You visited 1 branch of the dungeon, and saw 4 of its levels.

You collected 155 gold pieces.


Innate Abilities, Weirdness & Mutations

You are immune to sickness and miasma.
Your stone body is resilient. (AC +4)
You are immune to poison.
You resist negative energy. (rN+)
You are resistant to electric shocks. (rElec)
You are resistant to unholy torment.
You are immune to petrification.


   Skills:
 - Level 4.5 Fighting
 + Level 5.4 Axes
 - Level 3.2 Armour
 - Level 3.2 Shields


You had 5 spell levels left.
You didn't know any spells.
Your spell library was empty.

Inventory:

Hand Weapons
 e - a +0 whip
 Y - a +0 war axe (weapon)
Missiles
 a - 6 boomerangs (quivered)
Armour
 c - a +0 buckler (worn)
 f - a +0 helmet (worn)
 g - a +0 plate armour (worn)
 m - a +0 pair of boots (worn)
Jewellery
 j - a ring of fire
Scrolls
 p - a scroll of identify
Potions
 b - a potion of cancellation
 d - a potion of might
 h - a potion of lignification
 i - a potion of attraction
 k - a potion of haste {unknown}
 n - a potion of resistance
 o - a potion of berserk rage {unknown}

Dungeon Overview and Level Annotations

Branches:
Dungeon (4/15)
 Temple: D:4-7

Altars:
Fedhas
The Shining One

Annotations:
D:3 1 runed translucent door, Crazy Yiuf
D:4 Dowan, Duvessa


Message History

You closely miss Duvessa. Duvessa hits you but does no damage.
Dowan hits you but does no damage.
Duvessa hits you with a +2 rapier of speed.
You closely miss Dowan.
Dowan is heavily wounded.
You completely miss Duvessa.
Dowan gestures at Duvessa while chanting.
Duvessa seems to speed up.
Duvessa hits you but does no damage. x2
Dowan hits you with a +0 dagger.
You barely miss Dowan.
Dowan is heavily wounded.
You closely miss Duvessa. Duvessa hits you but does no damage.
Duvessa barely misses you. Dowan hits you but does no damage.
Duvessa hits you with a +2 rapier of speed.
You miss Dowan.
Dowan is heavily wounded.
You hit Duvessa but do no damage.
Duvessa gestures with her weapon.
You block Duvessa's attack. Duvessa hits you but does no damage.
Dowan hits you but does no damage.
You miss Dowan.
Dowan is heavily wounded.
You barely miss Duvessa. Duvessa hits you but does no damage.
You block Duvessa's attack.
Dowan smirks and points a slender finger.
You block Dowan's attack. Duvessa barely misses you.
Duvessa hits you with a +2 rapier of speed!
You slash Dowan!
Dowan is severely wounded.
You hit Duvessa but do no damage. You block Dowan's attack.
Duvessa hits you but does no damage.
Duvessa hits you with a +2 rapier of speed.
Dowan barely misses you.
You barely miss Dowan.
Dowan is severely wounded.
You hit Duvessa but do no damage. Duvessa hits you but does no damage.
Duvessa hits you with a +2 rapier of speed. x2
You die...

...#...'.......#
.###.###.......#
......##.......# ..
##.##..#.......########..
....#.#.....#####..[...#
.##...#.....#...#......#
..#.#.#.....#...#......#
#...#.......#.).#......#
#.#.#.#.....#..e@......+
..#...#.....#..e#......#
#.#.#.#.....#...#..)...#
#...#..^....###+#......#
..#.#.########[....#####
.##...#......#.....#
....#.#......#.....#
##.##........#.....#
....).#......'...%.#


You could see Duvessa (fast) and Dowan.

Vanquished Creatures
  Blork the orc (D:4)
  An orc priest (D:4)
  Jessica (D:2)
  An iguana (D:4)
  Terence (D:2)
  Robin (D:2)
  2 adders
  3 dart slugs
  9 orcs
  7 endoplasms
  4 giant cockroaches
  15 goblins
  8 hobgoblins
  3 jackals (D:3)
  5 kobolds
  5 quokkas
  7 ball pythons
  8 bats
  4 frilled lizards
  7 rats
93 creatures vanquished.

Notes
Turn   | Place    | Note
-------+----------+-------------------------------------------
     0 | D:1      | qw the Gargoyle Fighter began the quest for the Orb.
     0 | D:1      | Reached XP level 1. HP: 14/14 MP: 1/1
     0 | D:1      | 0 ||| qw: Version: 0.1-a-112-g44dc6cd
     0 | D:1      | 0 ||| qw: Game counter: 6762
     0 | D:1      | 0 ||| qw: Always use a shield: true
     0 | D:1      | 0 ||| qw: God list: Okawaru
     0 | D:1      | 0 ||| qw: Allow faded altars: false
     0 | D:1      | 0 ||| qw: Do Orc after D:15 true
     0 | D:1      | 0 ||| qw: Do second Lair branch before Depths: true
     0 | D:1      | 0 ||| qw: Lair rune preference: random
     0 | D:1      | 0 ||| qw: Plans: Normal, Zot, God:TSO, Crypt, Tomb, Zig,
                  | Orb
     0 | D:1      | 0 ||| PLANNING D:1-11
    25 | D:1      | Reached skill level 2 in Axes
   233 | D:1      | Reached XP level 2. HP: 14/19 MP: 2/2
   656 | D:1      | Reached skill level 3 in Axes
   681 | D:1      | 681 ||| Stepping ~*~*~tactically~*~*~ (stealth).
   684 | D:1      | Reached XP level 3. HP: 23/23 MP: 3/3
  1002 | D:1      | 1002 ||| Stepping ~*~*~tactically~*~*~ (stealth).
  1006 | D:1      | 1006 ||| Stepping ~*~*~tactically~*~*~ (stealth).
  1007 | D:1      | 1007 ||| Stepping ~*~*~tactically~*~*~ (stealth).
  1115 | D:1      | 1115 ||| UPGRADING to +0 plate armour.
  1125 | D:1      | 1125 ||| DROPPING +0 scale mail.
  1126 | D:1      | 1126 ||| READING scroll labelled UFIKHL KIYSM.
  1127 | D:1      | 1127 ||| READING scroll labelled TAUTOHYNITT.
  1231 | D:2      | Found a faded altar of an unknown god.
  1269 | D:2      | Noticed Terence
  1276 | D:2      | Killed Terence
  1277 | D:2      | Reached XP level 4. HP: 27/28 MP: 4/4
  1400 | D:2      | Noticed Robin
  1405 | D:2      | Reached skill level 4 in Axes
  1423 | D:2      | Killed Robin
  1844 | D:2      | 1844 ||| Stepping ~*~*~tactically~*~*~ (stealth).
  2199 | D:2      | Noticed Jessica
  2207 | D:2      | Killed Jessica
  2208 | D:2      | Reached XP level 5. HP: 32/32 MP: 5/5
  2284 | D:2      | 2284 ||| UPGRADING to +0 helmet.
  2289 | D:2      | 2289 ||| UPGRADING to +0 pair of boots.
  2294 | D:2      | 2294 ||| READING scroll labelled NATURO RUPTINA.
  2295 | D:2      | 2295 ||| READING scroll labelled IQUYN CIXEOX.
  2296 | D:2      | 2296 ||| READING scroll labelled YME EKI RAU.
  2297 | D:2      | 2297 ||| DRINKING 2 viscous inky potions.
  2298 | D:2      | 2298 ||| DRINKING 2 clear potions.
  2299 | D:2      | 2299 ||| DROPPING potion of degeneration.
  2374 | D:3      | 2374 ||| Stepping ~*~*~tactically~*~*~ (stealth).
  2389 | D:3      | 2389 ||| Stepping ~*~*~tactically~*~*~ (stealth).
  2390 | D:3      | 2390 ||| Stepping ~*~*~tactically~*~*~ (stealth).
  2503 | D:3      | 2503 ||| Stepping ~*~*~tactically~*~*~ (stealth).
  2509 | D:3      | 2509 ||| Stepping ~*~*~tactically~*~*~ (stealth).
  2681 | D:3      | Reached skill level 5 in Axes
  2742 | D:3      | Found a glowing golden altar of the Shining One.
  2742 | D:3      | Found a blossoming altar of Fedhas.
  2914 | D:3      | Found a runed translucent door.
  2915 | D:3      | Noticed Crazy Yiuf
  3080 | D:3      | 3080 ||| READING scroll labelled ZUKIUJAOSM.
  3081 | D:3      | 3081 ||| READING scroll labelled KISUR NU ZOAGG.
  3082 | D:3      | 3082 ||| DRINKING 2 metallic amethyst potions.
  3126 | D:3      | 3126 ||| READING 4 scrolls of identify.
  3126 | D:3      | 3126 ||| IDENTIFYING dark potion
  3127 | D:3      | 3127 ||| READING 3 scrolls of identify.
  3127 | D:3      | 3127 ||| IDENTIFYING smoky coppery potion
  3128 | D:3      | 3128 ||| READING 2 scrolls of identify.
  3128 | D:3      | 3128 ||| IDENTIFYING metallic purple potion
  3129 | D:3      | 3129 ||| DROPPING potion of brilliance.
  3158 | D:4      | Noticed Blork the orc
  3159 | D:4      | 3159 ||| Stepping ~*~*~tactically~*~*~ (hiding).
  3172 | D:4      | Killed Blork the orc
  3173 | D:4      | Reached XP level 6. HP: 16/39 MP: 6/6
  3208 | D:4      | 3208 ||| FLEEEEING.
  3209 | D:4      | 3209 ||| FLEEEEING.
  3210 | D:4      | 3210 ||| FLEEEEING.
  3212 | D:4      | HP: 5/39 [iguana (10)]
  3216 | D:4      | 3216 ||| STAIRDANCE
  3632 | D:4      | 3632 ||| Stepping ~*~*~tactically~*~*~ (hiding).
  3764 | D:4      | 3764 ||| Stepping randomly (stuck).
  3765 | D:4      | 3765 ||| Stepping ~*~*~tactically~*~*~ (hiding).
  3945 | D:4      | Identified the +5 spear of the Invisible Deaths {speed,
                  | rPois}
  3948 | D:4      | Noticed Duvessa
  3948 | D:4      | Noticed Dowan
  3960 | D:4      | HP: 7/39 [Duvessa/+2 rapier of speed (3)]
  3961 | D:4      | Slain by Duvessa

Levels and vault maps discovered:
D:1:      pf_arrival_petrified_forest, layout_loops_ring
D:2:      layout_loops_corners, ebering_ecumenical_altar_sacrificial,
          uniq_terence, uniq_jessica, uniq_robin
D:3:      layout_rooms, gammafunk_temple_overflow_wave, uniq_crazy_yiuf_cottage
D:4:      layout_gridville, gammafunk_ghost_arena, minmay_misc_feat_square,
          nicolae_concentric_dashed_squares_mild, uniq_blork_the_orc,
          uniq_edmund, uniq_duvessa

Skill      XL: |  1  2  3  4  5 |
---------------+----------------+-----
Axes           | 2 3 4 5 |  5.4
Fighting       | 4 |  4.5
Armour         | |  3.2
Shields        | |  3.2

Action                   |  1- 3 |  4- 6 || total
-------------------------+-------+-------++-------
Melee: War axe           |    84 |   179 ||   263
Throw: Boomerang         |       |    29 ||    29
  Use: Scroll            |     2 |     8 ||    10
       Potion            |       |     3 ||     3
Armor: Scale mail        |    34 |       ||    34
       Plate armour      |     5 |   137 ||   142
Dodge: Dodged            |    28 |    55 ||    83
Block: Buckler           |    12 |    32 ||    44

Table legend:
 A = Non-vault XP
 B = Vault XP
 C = Vault XP percentage of total XP
 D = Non-vault monster count
 E = Vault monster count
 F = Vault count percentage of total count
                 A         B        C        D         E       F
            +---------+---------+-------+---------+---------+-------
      Total |     242 |     210 |  46.5 |      77 |      16 |  17.2
            +---------+---------+-------+---------+---------+-------
        D:1 |      52 |       0 |   0.0 |      31 |       0 |   0.0
        D:2 |      20 |     110 |  84.6 |      12 |      15 |  55.6
        D:3 |      64 |       0 |   0.0 |      26 |       0 |   0.0
        D:4 |     106 |     100 |  48.5 |       8 |       1 |  11.1
            +---------+---------+-------+---------+---------+-------
